 Dungeon Crawl Stone Soup version 0.23.2-33-g5129a83184 (webtiles) character file.

Game seed: 17519237630081127294

1148 Gwenloh the Shooter (level 8, 0/61 HPs)
             Began as a Centaur Arcane Marksman on July 14, 2019.
             Was a Follower of Okawaru.
             Slain by an iguana (9 damage)
             ... on level 6 of the Dungeon.
             The game lasted 00:48:21 (8221 turns).

Gwenloh the Shooter (Centaur Arcane Marksman)       Turns: 8221, Time: 00:48:22

Health: 0/61       AC:  6    Str: 13      XL:     8   Next: 15%
Magic:  10/10      EV: 10    Int: 13      God:    Okawaru [*.....]
Gold:   249        SH:  0    Dex:  6 (11) Spells: 3/10 levels left

rFire    . . .     SeeInvis .   b - +0 trident
rCold    . . .     Gourm    .   (no shield)
rNeg     . . .     Faith    .   e - +0 robe
rPois    .         Spirit   .   (no helmet)
rElec    .         Reflect  .   m - +0 cloak
rCorr    .         Harm     .   v - +0 pair of gloves
MR       .....                  (no barding)
Stlth    ..........             (no amulet)
HPRegen  0.20/turn              n - ring of flight
MPRegen  0.12/turn              (no ring)

@: studying Slings, very quick
A: large, hooves 3, deformed body, speed 2, tough skin 3
a: Heroism, Renounce Religion, Evoke Flight


You were on level 6 of the Dungeon.
You worshipped Okawaru.
Okawaru was aware of your devotion.
You were not hungry.

You visited 1 branch of the dungeon, and saw 6 of its levels.

You collected 249 gold pieces.

Inventory:

Hand Weapons
 a - a +1 shortbow
 b - a +0 trident (weapon)
 c - a +0 club
 j - a +0 dagger
 q - a +0 spear
 s - a +0 quarterstaff
 z - a +0 hand axe
Missiles
 d - 68 arrows
 k - 5 tomahawks (quivered)
 y - 2 throwing nets
Armour
 e - a +0 robe (worn)
 m - a +0 cloak (worn)
 o - a +0 ring mail
 t - the +2 ring mail "Nyfauluo" {MP+9 Str+5, unknown}
   (You found it on level 6 of the Dungeon)

   It affects your strength (+5).
   It affects your magic capacity (+9).
 v - a +0 pair of gloves (worn)
Jewellery
 n - a ring of flight (left hand)
Wands
 B - a wand of acid (4)
Scrolls
 g - a scroll of teleportation
 h - a scroll of fog
 p - 2 scrolls of remove curse
 w - 4 scrolls of identify
 x - a scroll of torment {unknown}
 D - a scroll of silence {unknown}
Potions
 i - 2 potions of flight {unknown}
 l - 3 potions of brilliance
 r - a potion of magic {unknown}
 u - a potion of might
Books
 A - a manual of Slings
Comestibles
 f - 13 rations
 C - 2 chunks of flesh


   Skills:
 - Level 1.8 Fighting
 + Level 3.2 Polearms
 + Level 6.1 Bows
 + Level 3.5 Dodging
 - Level 1.5 Spellcasting
 * Level 4.8 Hexes
 + Level 0.6 Translocations
 + Level 3.9 Invocations


You had 3 spell levels left.
You knew the following spells:

 Your Spells              Type           Power        Failure   Level  Hunger
a - Corona                Hex            ##.....      3%          1    ##.....
b - Portal Projectile     Hex/Tloc       #.....       26%         3    ####...
c - Inner Flame           Hex/Fire       #.......     30%         3    ####...

Your spell library contained the following spells:

 Spells                   Type           Power        Failure   Level  Hunger
 Slow                     Hex            ##......     5%          2    ###....
 Cause Fear               Hex            ##........   36%         4    #####..
 Leda's Liquefaction      Hex/Erth       #.........   69%         4    #####..


Dungeon Overview and Level Annotations

Branches:
Dungeon (6/15)
 Temple: D:4-7

Altars:
Cheibriados
Gozag
Hepliaklqana
Makhleb
Nemelex Xobeh
Okawaru
Qazlal
Uskayaw
Wu Jian
Xom

Shops:
D:5 }

Annotations:
D:4 Dowan, Eustachio


Innate Abilities, Weirdness & Mutations

You have hooves in place of feet.
Armour fits poorly on your strangely shaped body.
You cover ground very quickly.
You have extremely tough skin. (AC +3)


Message History

The iguana stops glowing.
The iguana bites you!
You are too injured to fight recklessly!
You are too injured to fight recklessly!
You are too injured to fight recklessly!
You hit the iguana. Your kick misses the iguana.
The iguana is almost dead.
The iguana closely misses you.
You hit the iguana but do no damage.
The iguana is almost dead.
The iguana barely misses you.
You barely miss the iguana. Your kick misses the iguana.
The iguana is almost dead.
The iguana bites you!
* * * LOW HITPOINT WARNING * * *
The iguana bites you!
* * * LOW HITPOINT WARNING * * *
You hit the iguana but do no damage.
The iguana is almost dead.
The iguana bites you!
You die...

#...#.....# ###.#.#.###.#
....#<#.....#####
......####......##########
........##.####.....)....#
##....#.##.......#######.#
#....#.###......# #.#
######.# #.##.#)#######.#
#.# #.##.#@........#
#.###.##..l.....####
#######.....##.....##.###
.......................>#
###########...........#.#
### #.###..######.# ....
#.####.### #.#
....####..#.....# #.#
..........#.#.### #.#


You could see an iguana.

Vanquished Creatures
  Duvessa (D:4)
  A sky beast (D:5)
  An ogre (D:4)
  A phantom (D:6)
  A crimson imp (D:5)
  2 hounds
  A quasit (D:5)
  5 orc priests
  2 centaur skeletons
  4 orc wizards
  3 worker ants (D:4)
  A killer bee zombie (D:5)
  4 gnolls
  5 adders
  3 oozes
  An adder zombie (D:6)
  4 adder skeletons (D:4)
  2 worms
  2 dart slugs
  A leopard gecko (D:2)
  24 orcs
  A ball python (D:5)
  5 giant cockroaches
  8 goblins
  5 hobgoblins
  8 jackals (D:5)
  4 quokkas
  A ball python skeleton (D:5)
  9 bats
  7 frilled lizards
  4 kobolds
  9 rats
130 creatures vanquished.

Notes
Turn   | Place    | Note
-------+----------+-------------------------------------------
     0 | D:1      | Gwenloh the Centaur Arcane Marksman began the quest for the
                  | Orb.
     0 | D:1      | Reached XP level 1. HP: 16/16 MP: 2/2
   174 | D:1      | Reached XP level 2. HP: 23/23 MP: 3/3
   225 | D:1      | Reached skill level 3 in Bows
  1009 | D:2      | Reached XP level 3. HP: 28/28 MP: 4/4
  1881 | D:2      | Found a snail-covered altar of Cheibriados.
  1886 | D:2      | Found a hazy altar of Hepliaklqana.
  1887 | D:2      | Found a burning altar of Makhleb.
  1890 | D:2      | Found a hide-covered altar of Uskayaw.
  1891 | D:2      | Found an opulent altar of Gozag.
  2099 | D:3      | Found an iron altar of Okawaru.
  2391 | D:2      | Reached XP level 4. HP: 36/36 MP: 6/6
  2411 | D:3      | Became a worshipper of Warmaster Okawaru
  2902 | D:3      | Found a stormy altar of Qazlal.
  3005 | D:4      | Found a sparkling altar of Nemelex Xobeh.
  3039 | D:4      | Reached skill level 1 in Invocations
  3048 | D:4      | Reached XP level 5. HP: 41/41 MP: 7/7
  3078 | D:4      | Reached skill level 1 in Polearms
  3296 | D:4      | Reached skill level 4 in Bows
  3330 | D:4      | Found an ornate altar of the Wu Jian Council.
  3470 | D:4      | Noticed an ogre
  3499 | D:4      | Killed an ogre
  3499 | D:4      | Reached XP level 6. HP: 48/48 MP: 6/8
  3890 | D:4      | Noticed Eustachio
  4651 | D:4      | Reached skill level 5 in Bows
  4862 | D:4      | Found a shimmering altar of Xom.
  4902 | D:4      | Noticed Duvessa
  4917 | D:4      | Killed Duvessa
  4917 | D:4      | Reached * piety under Okawaru
  4917 | D:4      | Reached XP level 7. HP: 42/53 MP: 6/9
  4918 | D:4      | Noticed Dowan
  5574 | D:5      | Entered Level 5 of the Dungeon
  7137 | D:5      | Found Wanydesk's Gadget Shoppe.
  7507 | D:5      | Reached XP level 8. HP: 22/61 MP: 10/10
  7772 | D:6      | Found an opulent altar of Gozag.
  7876 | D:6      | Got a heavily runed ring mail
  7881 | D:6      | Learned a level 3 spell: Portal Projectile
  7885 | D:6      | Learned a level 3 spell: Inner Flame
  7971 | D:6      | Reached skill level 6 in Bows
  8221 | D:6      | Slain by an iguana

Skill      XL: |  1  2  3  4  5  6  7  8 |
---------------+-------------------------+-----
Bows           | 3 4 5 6 |  6.1
Hexes          | 3 4 |  4.8
Dodging        | 2 3 |  3.5
Invocations    | 1 2 3 |  3.9
Polearms       | 1 2 3 |  3.2
Fighting       | |  1.8
Spellcasting   | |  1.5
Translocations | |  0.6

Action                   |  1- 3 |  4- 6 |  7- 9 || total
-------------------------+-------+-------+-------++-------
Melee: Dagger            |    48 |       |       ||    48
       Kick              |    15 |    24 |    28 ||    67
       Quarterstaff      |    48 |     4 |       ||    52
       Club              |     1 |       |       ||     1
       Spear             |       |   144 |       ||   144
       Trident           |       |    35 |   257 ||   292
 Fire: Shortbow          |    27 |    56 |    41 ||   124
Throw: Tomahawk          |    13 |    13 |     3 ||    29
 Cast: Corona            |       |    14 |     8 ||    22
Evoke: Wand              |       |       |     1 ||     1
  Use: Scroll            |       |     6 |     2 ||     8
       Potion            |       |     1 |     2 ||     3
  Eat: Chunk             |     3 |     8 |     9 ||    20
Armor: Robe              |    50 |    66 |    76 ||   192
Dodge: Dodged            |    61 |   103 |   111 ||   275
